 Dungeon Crawl Stone Soup version 0.28.0-53-g5a82cb258f (webtiles) character file.

Game seed: 7884449632491819344

344 Zeldest the Covered (level 6, -2/57 HPs)
             Began as a Deep Dwarf Fighter on Aug 20, 2022.
             Slain by a two-headed ogre
             ... wielding a +0 giant spiked club
              (11 damage)
             ... on level 6 of the Dungeon.
             The game lasted 00:02:47 (2376 turns).

Zeldest the Covered (Deep Dwarf Fighter)            Turns: 2376, Time: 00:02:47

Health: -2/57      AC:  7    Str: 26    XL:     6   Next: 31%
Magic:  6/6        EV: 10    Int: 11    God:
Gold:   153        SH:  4    Dex: 12    Spells: 5/5 levels left

rFire   . . .      SeeInvis .   a - +0 war axe
rCold   . . .      Faith    .   c - +0 buckler
rNeg    . . .      Spirit   .   i - +0 ring mail "Raqeoqo" {Str+4 Int+3}
rPois   .          Reflect  .   (no helmet)
rElec   .          Harm     .   p - +0 cloak
rCorr   .          Rampage  .   (no gloves)
Will    .....                   (no boots)
Stlth   +.........              (no amulet)
HPRegen 0.00/turn               (no ring)
MPRegen 0.10/turn               (no ring)

@: mighty, hasted, very quick
A: damage resistance, heal wounds, sense surroundings 1, no regeneration
a: Heal Wounds


You were on level 6 of the Dungeon.
You visited 1 branch of the dungeon, and saw 5 of its levels.

You collected 153 gold pieces.

Inventory:

Hand Weapons
 a - a +0 war axe (weapon)
Armour
 c - a +0 buckler (worn)
 i - the +0 ring mail "Raqeoqo" (worn) {Str+4 Int+3}
   (You found it on level 2 of the Dungeon)

   Str:       It affects your strength (+4).
   Int:       It affects your intelligence (+3).
 p - a +0 cloak (worn)
Jewellery
 q - a +6 ring of strength
Scrolls
 b - a scroll of fog
 e - 2 scrolls of fear
 l - 3 scrolls of teleportation
 n - a scroll of noise
 r - a scroll of amnesia {unknown}
 s - a scroll of silence {unknown}
Potions
 d - a potion of might
 f - a potion of curing
 g - a potion of ambrosia {unknown}
 h - a potion of berserk rage {unknown}
 j - a potion of flight {unknown}
 k - a potion of haste
 m - a potion of lignification {unknown}
 o - a potion of magic {unknown}


   Skills:
 + Level 3.8 Fighting
 + Level 3.8 Axes
 + Level 4.5 Armour
 - Level 3.2 Shields
 + Level 3.4 Invocations
 + Level 3.4 Evocations


You had 5 spell levels left.
You didn't know any spells.
Your spell library contained the following spells:

 Spells                   Type           Power      Damage    Failure   Level
 Static Discharge         Conj/Air       0%         N/A       71%         2
 Dispel Undead            Necr           0%         3d6       100%        4
 Sticky Flame             Conj/Fire      0%         2d3       100%        4


Dungeon Overview and Level Annotations

Branches:
Dungeon (4/15)
 Temple: D:4-7

Altars:
Elyvilon
Qazlal


Innate Abilities, Weirdness & Mutations

You are resistant to damage.
You can heal yourself by infusing magical energy.
You passively map a small area around you.
You do not regenerate.


Message History

A two-headed ogre comes into view.
It is wielding a +0 giant spiked club and a +0 giant club.
An ogre comes into view. It is wielding a +0 giant spiked club.
The two-headed ogre shouts in stereo!
You feel very mighty all of a sudden.
A bullfrog zombie comes into view.
It was a potion of curing.
You feel better.
It was a potion of haste.
You feel yourself speed up.
You aren't carrying any items that you can evoke.
Unknown command.
You slash the ogre!
The ogre is heavily wounded.
You slice the two-headed ogre!!
The two-headed ogre is moderately wounded.
You hit the ogre.
The ogre hits you with a +0 giant spiked club!!
The two-headed ogre hits you with a +0 giant spiked club!!
* * * LOW HITPOINT WARNING * * *
The two-headed ogre barely misses you.
You barely miss the two-headed ogre.
The two-headed ogre is moderately wounded.
You hit the ogre.
You feel much better. The ogre barely misses you.
The two-headed ogre barely misses you.
The two-headed ogre hits you with a +0 giant club!
You fail to use your ability.
The ogre barely misses you.
You barely miss the two-headed ogre.
The two-headed ogre is moderately wounded.
You hit the ogre. The two-headed ogre barely misses you.
The two-headed ogre hits you with a +0 giant club!
* * * LOW HITPOINT WARNING * * *
Your magical essence is drained by the effort!
You feel much better. The ogre closely misses you.
You slice the two-headed ogre!!
The two-headed ogre is severely wounded.
You slash the ogre!
You kill the ogre!
The two-headed ogre hits you with a +0 giant spiked club!!
* * * LOW HITPOINT WARNING * * *
The two-headed ogre hits you with a +0 giant club!
You die...

, * * * * * *
* * * *###.
..... * ......
,
......########
,
.....ZO@.....#
*
......#).....#
* * , ,,
,.....
#......# * *
...., #......#
* ... #......#
*## #......#,
#......#
#......#
##'##### , ,,


You could see a two-headed ogre and a bullfrog zombie.

Vanquished Creatures
  An ogre (D:6)
  A bullfrog (D:6)
  A howler monkey (D:4)
  A bullfrog zombie (D:3)
  Crazy Yiuf (D:2)
  2 orc wizards (D:4)
  5 adders
  A worm (D:2)
  3 dart slugs
  7 orcs
  2 endoplasms
  8 giant cockroaches
  5 hobgoblins
  9 jackals
  2 quokkas
  8 ball pythons
  6 bats
  2 frilled lizards (D:2)
  4 goblins
  5 kobolds (D:2)
  2 rats
76 creatures vanquished.

Notes
Turn   | Place    | Note
-------+----------+-------------------------------------------
     0 | D:1      | Zeldest the Deep Dwarf Fighter began the quest for the Orb.
     0 | D:1      | Reached XP level 1. HP: 20/20 MP: 1/1
   138 | D:1      | Found a faded altar of an unknown god.
   217 | D:1      | Reached XP level 2. HP: 24/27 MP: 2/2
   221 | D:1      | Reached skill level 1 in Invocations
   221 | D:1      | Reached skill level 1 in Evocations
   706 | D:2      | Reached XP level 3. HP: 16/33 MP: 2/4
   923 | D:2      | Identified the +0 ring mail "Raqeoqo" {Str+4 Int+3}
  1254 | D:2      | Found a runed translucent door.
  1255 | D:2      | Noticed Crazy Yiuf
  1522 | D:2      | Killed Crazy Yiuf
  1523 | D:2      | Reached XP level 4. HP: 20/41 MP: 3/5
  1633 | D:3      | Found a white marble altar of Elyvilon.
  1641 | D:3      | Reached skill level 4 in Armour
  1818 | D:3      | Found a stormy altar of Qazlal.
  2073 | D:3      | Reached XP level 5. HP: 49/49 MP: 6/6
  2321 | D:4      | You fall into a shaft and drop 2 floors!
  2332 | D:6      | Reached XP level 6. HP: 18/57 MP: 8/8
  2363 | D:6      | Noticed a two-headed ogre
  2376 | D:6      | Slain by a two-headed ogre

Illustrated notes

Levels and vault maps discovered:
D:1:      heliophobic_arrival_dark_side_of_the_moon, layout_basic,
          basic_ecumenical_altar, minmay_tetromino_t4
D:2:      layout_loops_ring, kennysheep_potato, uniq_crazy_yiuf_cottage
D:3:      layout_loops_ring, mainiacjoe_overflow_catwalk,
          nicolae_qazlal_scattered_showers
D:4:      layout_loops_ring, temple_hall, nicolae_ossuary_entry_ruins
D:6:      layout_basic, minmay_hollow_rounded_squares

Skill      XL: |  1  2  3  4  5 |
---------------+----------------+-----
Invocations    | 1 2 3 |  3.4
Evocations     | 1 2 3 |  3.4
Fighting       | 3 |  3.8
Axes           | 3 |  3.8
Armour         | 4 |  4.5
Shields        | |  3.2

Action                   |  1- 3 |  4- 6 || total
-------------------------+-------+-------++-------
Melee: War axe           |   107 |   123 ||   230
 Abil: Heal Wounds       |     1 |     6 ||     7
  Use: Scroll            |       |     4 ||     4
       Potion            |       |     3 ||     3
Armor: Scale mail        |    29 |       ||    29
       Ring mail         |    20 |    76 ||    96
Dodge: Dodged            |    49 |    56 ||   105
Block: Buckler           |    21 |    29 ||    50
